 Dungeon Crawl Stone Soup version 0.30-a0-702-gdf48620a09 (webtiles) character file.

Game seed: 6581367691845465557

35 drugrobin the Sneak (level 3, 0/30 HPs)
             Began as a Demigod Delver on Jan 22, 2023.
             Succumbed to an adder's poison
             ... on level 3 of the Dungeon.
             The game lasted 00:03:46 (790 turns).

drugrobin the Sneak (Demigod Delver)                 Turns: 790, Time: 00:03:46

Health: 0/30       AC:  2    Str: 13    XL:     3   Next: 2%
Magic:  5/5        EV: 12    Int: 12    God:
Gold:   12         SH:  0    Dex: 19    Spells: 2/2 levels left

rFire   . . .      SeeInvis .      - Unarmed
rCold   . . .      Faith    .    (no shield)
rNeg    . . .      Spirit   .    a - +0 robe
rPois   .          Reflect  .    (no helmet)
rElec   .          Harm     .    (no cloak)
rCorr   .          Rampage  .    (no gloves)
Will    .....                    (no boots)
Stlth   +++                      (no amulet)
HPRegen 0.25/turn                (no ring)
MPRegen 0.09/turn                (no ring)

@: lethally poisoned (0 -> -1)
A: high MP 1, forlorn, divine attributes
a: no special abilities


You were on level 3 of the Dungeon.
You visited 1 branch of the dungeon, and saw 3 of its levels.

You collected 12 gold pieces.

Inventory:

Missiles
 i - 5 boomerangs (quivered)
Armour
 a - a +0 robe (worn)
Wands
 f - a wand of digging (3)
Scrolls
 b - a scroll of fog
 c - a scroll of magic mapping
Potions
 e - a potion of haste


   Skills:
 - Level 2.6 Fighting
 - Level 1.7 Dodging
 - Level 4.5 Stealth
 + Level 3.3 Unarmed Combat


You had 2 spell levels left.
You didn't know any spells.
Your spell library was empty.

Dungeon Overview and Level Annotations

Branches:
Dungeon (5/15)
 Temple: D:4-7

Shops:
D:5 =

Annotations:
D:4 exclusion: howler monkey, Robin


Innate Abilities, Weirdness & Mutations

You have an increased reservoir of magic. (+10% MP)
You shall have no god before yourself.
Your divine heritage dramatically boosts your attributes as you level up.


Message History

You are lethally poisoned!
The adder poisons you!
Unknown command.
Unknown command.
Unknown command.
As you read the scroll of fear, it crumbles to dust.
You assume a fearsome visage.
The adder looks frightened!
You feel very sick.
* * * LOW HITPOINT WARNING * * *
You feel very sick.
Okay, then.
The air fills with toxic fumes!
As you read the scroll labelled GUTITO KEMIH, it crumbles to dust.
It was a scroll of poison.
* * * LOW HITPOINT WARNING * * *
You feel sick.
Unknown command.
As you read the scroll labelled TIELUN LEORO, it crumbles to dust.
It is a scroll of identify.
You don't currently have any unidentified items.
* * * LOW HITPOINT WARNING * * *
You feel sick.
Unknown command.
Unknown command.
There is a lethal amount of poison in your body!
There is a lethal amount of poison in your body!
* * * LOW HITPOINT WARNING * * *
You feel sick.
* * * LOW HITPOINT WARNING * * *
You feel sick.
* * * LOW HITPOINT WARNING * * *
You feel sick.
* * * LOW HITPOINT WARNING * * *
You feel sick.
* * * LOW HITPOINT WARNING * * *
You feel sick.
Unknown command.
Unknown command.
Unknown command.
You die...

.~ ##S #.. #+# #..
#.# # #.# # ###.#
#§##☼####☼# ..#.##
#○☼§☼§@§☼§#
.....#########§######
#...........☼§.#
.....###########
###.## #.# #.# #.#
#.#


There were no monsters in sight!

Vanquished Creatures
  An adder (D:4)
  A dart slug (D:4)
  An orc (D:5)
  A ball python (D:4)
  10 goblins (D:4)
  4 hobgoblins
  A kobold (D:4)
19 creatures vanquished.

Notes
Turn   | Place    | Note
-------+----------+-------------------------------------------
     0 | D:5      | drugrobin the Demigod Delver began the quest for the Orb.
     0 | D:5      | Reached XP level 1. HP: 18/18 MP: 3/3
    42 | D:5      | Found Cacid's One-of-a-Kind Rings.
   146 | D:4      | Noticed a howler monkey
   307 | D:4      | Noticed Robin
   380 | D:4      | Reached XP level 2. HP: 25/25 MP: 4/4
   681 | D:4      | Reached XP level 3. HP: 22/30 MP: 5/5
   788 | D:3      | HP: 1/30 [poisoned by an adder]
   790 | D:3      | Succumbed to an adder's poison

Illustrated notes

Levels and vault maps discovered:
D:3:      layout_loops_corners, dancing_weapons_uskayaw,
          cheibrodos_sewer_entry_sluice
D:4:      layout_layer_cave, minmay_overflow_temple_star_quad, uniq_robin,
          uniq_menkaure
D:5:      layout_loops_cross, vehumet_statue, temple_green,
          nicolae_shop_unique_rings, minmay_fountain_box,
          nicolae_elemental_shop, corexii_leaking_fountain, uniq_prince_ribbit1,
          uniq_eustachio

Skill      XL: |  1  2 |
---------------+-------+-----
Unarmed Combat | 2 3 |  3.3
Fighting       | |  2.6
Dodging        | |  1.7
Stealth        | |  4.5

Action                   || total
-------------------------++-------
Melee: Unarmed           ||    54
       Punch             ||     1
Throw: Boomerang         ||    30
  Use: Scroll            ||     4
 Stab: Distracted        ||     1
       Sleeping          ||     1
Armor: Leather armour    ||     3
       Robe              ||     4
Dodge: Dodged            ||    32

Table legend: (Time is in decaauts)
 A = Elapsed time spent in this place.
 B = Non-inter-level travel time spent in this place.
 C = Inter-level travel time spent in this place.
 D = Time resting spent in this place.
 E = Time spent auto-exploring this place.
 F = Levels seen in this place.
 G = Mean time per level.
                   A        B        C        D        E       F      G
               +--------+--------+--------+--------+--------+-----+--------+
         Total |    796 |    780 |     16 |    155 |    190 |   3 |  265.3 |
       Dungeon |    796 |    780 |     16 |    155 |    190 |   3 |  265.3 |
               +--------+--------+--------+--------+--------+-----+--------+

Top non-repeatable levels by time:
     D:4: 613 daAuts
     D:3: 92 daAuts
     D:5: 90 daAuts
